 Dungeon Crawl Stone Soup version 0.19.1-1-g22dce08 (webtiles) character file.

95 Jynx the Firebug (level 4, -2/24 HPs)
             Began as a Deep Elf Fire Elementalist on Jan 10, 2017.
             Killed from afar by Natasha (6 damage)
             ... with a magic dart
             ... on level 3 of the Dungeon.
             The game lasted 00:02:28 (1689 turns).

Jynx the Firebug (Deep Elf Fire Elementalist)       Turns: 1689, Time: 00:02:29

Health: -2/24      AC:  2    Str:  2    XL:     4   Next: 40%
Magic:  6/12       EV: 13    Int: 21    God:
Gold:   99         SH:  0    Dex: 15    Spells: 1 memorised, 10 levels left

rFire  . . .     SeeInvis .     h - +1 short sword (elec)
rCold  . . .     Gourm    .     a - +0 robe
rNeg   . . .     Faith    .     (no shield)
rPois  .         Spirit   .     (no helmet)
rElec  .         Reflect  .     (no cloak)
rCorr  .         Harm     .     (no gloves)
MR     .....                    (no boots)
Stlth  ++........               (no amulet)
                                (no ring)
                                k - -3 ring of strength (curse)

@: no status effects
A: no striking features
a: no special abilities


You were on level 3 of the Dungeon.
You were not hungry.

You visited 1 branch of the dungeon, and saw 3 of its levels.

You collected 99 gold pieces.

Inventory:

Hand Weapons
 h - a +1 short sword of electrocution (weapon)
Armour
 a - a +0 robe (worn)
Jewellery
 d - a cursed ring of loudness {unknown}
 k - a cursed -3 ring of strength (left hand)
Scrolls
 e - 3 scrolls of identify
 j - a scroll of random uselessness {unknown}
 m - a scroll of enchant weapon {unknown}
 p - a scroll of fog {unknown}
 q - a scroll of amnesia
Potions
 f - a potion of curing
 i - a potion of invisibility {unknown}
 l - a potion of cure mutation {unknown}
 o - a potion of haste {unknown}
 r - a potion of degeneration {unknown}
Books
 b - a book of Flames

   Spells                             Type                      Level
   a - Flame Tongue                   Conjuration/Fire             1
   b - Throw Flame                    Conjuration/Fire             2
   c - Conjure Flame                  Conjuration/Fire             3
   d - Inner Flame                    Hexes/Fire                   3
   e - Sticky Flame                   Conjuration/Fire             4
   f - Fireball                       Conjuration/Fire             5
Comestibles
 c - 3 bread rations
 g - a beef jerky
 n - 2 chunks of flesh
 s - 4 fruits


   Skills:
 - Level 2.4 Dodging
 - Level 2.4 Stealth
 + Level 4.1 Spellcasting
 + Level 2.1 Conjurations
 * Level 4.8 Fire Magic


You had 10 spell levels left.
You knew the following spells:

 Your Spells              Type           Power        Failure   Level  Hunger
a - Flame Tongue          Conj/Fire      ###..        2%          1    None


Dungeon Overview and Level Annotations

Branches:
Dungeon (3/15)

Altars:
Xom

Annotations:
D:3 Natasha


Message History

Casting: Flame Tongue
Confirm with . or Enter, or press ? or * to list all spells.
Aiming: Flame Tongue
Press: ? - help, Shift-Dir - straight line, f/p - Natasha
Aim: Natasha (heavily wounded)
The flame tongue hits Natasha.
Natasha appears unharmed.
Natasha is heavily wounded.
Natasha barely misses you.
Casting: Flame Tongue
Confirm with . or Enter, or press ? or * to list all spells.
Aiming: Flame Tongue
Press: ? - help, Shift-Dir - straight line, f/p - Natasha
Aim: Natasha (moderately wounded)
The flame tongue hits Natasha.
Natasha is almost dead.
The bat hits you but does no damage. The shadow imp hits you.
* * * LOW HITPOINT WARNING * * *
Natasha stares at you and mumbles some strange words.
The magic dart hits you!
You die...

#####.<##.##.## #
.........##....#### ..
.####......<(#....##.#
#(#...##.........#
#.#..####.#.#.####
#.#..# #.....## #
#..####..†...###
.................
......gh@.....#...
#.......5b....##...
.......##...... .
.####.. ....### #..
....# ... ....# ##..
...# #.. .#


You could see Natasha, a shadow imp, a hobgoblin and a bat.

Vanquished Creatures
  Natasha (D:3)
  An adder (D:2)
  2 oozes (D:3)
  A worm (D:2)
  3 dart slugs (D:1)
  2 leopard geckos (D:1)
  3 ball pythons (D:2)
  4 bats
  5 goblins
  7 hobgoblins
  A quokka (D:2)
  3 frilled lizards
  6 kobolds
  5 rats
44 creatures vanquished.

Notes
Turn   | Place    | Note
-------+----------+-------------------------------------------
     0 | D:1      | Jynx the Deep Elf Fire Elementalist began the quest for the Orb.
     0 | D:1      | Reached XP level 1. HP: 10/10 MP: 6/6
   277 | D:1      | Reached XP level 2. HP: 15/15 MP: 5/8
   861 | D:1      | Reached XP level 3. HP: 19/19 MP: 7/10
  1330 | D:2      | Found a shimmering altar of Xom.
  1592 | D:3      | Noticed Natasha
  1599 | D:3      | Killed Natasha
  1599 | D:3      | Reached XP level 4. HP: 24/24 MP: 3/12
  1682 | D:3      | Noticed Natasha
  1689 | D:3      | Killed from afar by Natasha

Skill      XL: |  1  2  3 |
---------------+----------+-----
Fire Magic     | 4 |  4.8
Spellcasting   | 4 |  4.1
Conjurations   | 2 |  2.1
Dodging        | |  2.4
Stealth        | |  2.4

Action                   |  1- 3 |  4- 6 || total
-------------------------+-------+-------++-------
 Cast: Flame Tongue      |    73 |    10 ||    83
  Use: Scroll            |     4 |       ||     4
  Eat: Chunk             |     2 |       ||     2
Armor: Robe              |     1 |     1 ||     2
Dodge: Dodged            |    17 |     5 ||    22
